 Dungeon Crawl Stone Soup version 0.27-a0-1158-gaa87e14f67 (webtiles) character file.

Game seed: 12015282221853796474

84 Delamore the Shield-Bearer (level 4, 0/29 HPs)
             Began as a Gargoyle Fighter on May 15, 2021.
             Killed from afar by an orc wizard (5 damage)
             ... with a magic dart
             ... on level 2 of the Dungeon.
             The game lasted 00:02:03 (2432 turns).

Delamore the Shield-Bearer (Gargoyle Fighter)       Turns: 2432, Time: 00:02:04

Health: 0/29       AC: 10    Str: 21    XL:     4   Next: 45%
Magic:  4/4        EV:  7    Int:  8    God:
Gold:   78         SH:  0    Dex:  9    Spells: 3/3 levels left

rFire    . . .     SeeInvis .   a - +0 flail
rCold    . . .     Faith    .   c - +0 kite shield
rNeg     + . .     Spirit   .   b - +0 scale mail
rPois    ∞         Reflect  .   (no helmet)
rElec    +         Harm     .   (no cloak)
rCorr    .         Rampage  .   (no gloves)
Will     .....                  (no boots)
Stlth    ..........             (no amulet)
HPRegen  0.09/turn              (no ring)
MPRegen  0.09/turn              (no ring)

@: confused, hasted, very quick
A: sickness immunity, AC +3, negative energy resistance 1, electricity
resistance, torment resistance 1, petrification resistance
a: no special abilities


You were on level 2 of the Dungeon.
You visited 1 branch of the dungeon, and saw 2 of its levels.

You collected 78 gold pieces.

Inventory:

Hand Weapons
 a - a +0 flail (weapon)
Armour
 b - a +0 scale mail (worn)
 c - a +0 kite shield (worn)
 g - a +0 plate armour
Wands
 o - a wand of flame (17)
Scrolls
 e - a scroll of fear {unknown}
 f - 2 scrolls of identify {unknown}
 h - a scroll of holy word {unknown}
 i - a scroll of noise {unknown}
 k - 2 scrolls of enchant armour {unknown}
 l - a scroll of blinking {unknown}
 m - a scroll of brand weapon {unknown}
 n - a scroll of vulnerability {unknown}
 p - a scroll of enchant weapon {unknown}
Potions
 d - a potion of might


   Skills:
 + Level 4.2 Fighting
 + Level 3.0 Maces & Flails
 - Level 3.2 Armour
 + Level 4.2 Shields


You had 3 spell levels left.
You didn't know any spells.
Your spell library was empty.

Dungeon Overview and Level Annotations

Branches:
Dungeon (2/15)

Altars:

Shops:
D:1 *   D:2 ?


Innate Abilities, Weirdness & Mutations

You are immune to sickness and miasma.
Your stone body is resilient. (AC +3)
You are immune to poison.
You resist negative energy. (rN+)
You are resistant to electric shocks. (rElec)
You are resistant to unholy torment.
You are immune to petrification.


Message History

You resist with some effort. You block the orc's attack.
The orc wizard hits you but does no damage.
You block the orc wizard's attack.
Your scale mail prevents you from hitting the orc wizard.
The orc wizard is severely wounded.
The orc closely misses you.
The orc wizard hits you but does no damage.
You block the orc wizard's attack.
You hit the orc wizard.
The orc wizard is severely wounded.
The orc wizard gestures at you while chanting.
You are confused.
The orc wizard casts a spell at you. The puff of flame hits you!
The orc hits you with a +0 whip. The orc hits you but does no damage.
The orc wizard gestures at you while chanting.
You are more confused.
The orc wizard hits you but does no damage.
You are too injured to fight recklessly!
You're too confused to move!
The orc hits you but does no damage. The orc barely misses you.
The orc wizard points at you and mumbles some strange words.
The magic dart hits you.
The orc wizard gestures at you while chanting.
The magic dart hits you!
* * * LOW HITPOINT WARNING * * *
It was a potion of haste.
You feel yourself speed up. The orc closely misses you.
The orc hits you but does no damage.
The orc wizard gestures at you while chanting.
The puff of flame hits you but does no damage.
The orc wizard closely misses you.
You sock the orc wizard!
The orc wizard is severely wounded.
The orc barely misses you. The orc hits you but does no damage.
The orc wizard gestures at itself while chanting.
The orc wizard flickers and vanishes!
Deactivating autopickup; reactivate with Ctrl-A.
The orc wizard gestures at you while chanting.
The magic dart hits you.
You die...

#... ..# #.... #.#
###..∩.## #.#
.........## #.#
..........###.## .#.<.#
#...)..:# #
......###.###..#########
......o#)..##...........
.....go@....#.##########
......{o....#.# #######
............<.. .......
.......#...##.# #######
#.......(#....#
#....####.##### ####. .
#. ..


You could see an orc wizard, 2 orcs and a goblin.

Vanquished Creatures
  Natasha (D:1)
  An adder (D:2)
  A worm (D:2)
  A dart slug (D:1)
  A bat (D:1)
  2 endoplasms (D:1)
  2 giant cockroaches (D:1)
  3 goblins
  5 hobgoblins
  8 jackals
  10 ball pythons
  A frilled lizard (D:2)
  2 kobolds (D:1)
  A rat (D:1)
39 creatures vanquished.

Notes
Turn   | Place    | Note
-------+----------+-------------------------------------------
     0 | D:1      | Delamore the Gargoyle Fighter began the quest for the Orb.
     0 | D:1      | Reached XP level 1. HP: 14/14 MP: 1/1
   211 | D:1      | Reached XP level 2. HP: 9/19 MP: 2/2
   874 | D:1      | Found Ducuih's Assorted Antiques.
   881 | D:1      | Reached XP level 3. HP: 23/24 MP: 3/3
  1126 | D:2      | Noticed Natasha
  1419 | D:1      | Killed Natasha
  1618 | D:2      | Reached XP level 4. HP: 26/29 MP: 4/4
  1704 | D:2      | HP: 1/29 [worm (3)]
  2416 | D:2      | Found Ihablet's Magic Scroll Shop.
  2432 | D:2      | Killed from afar by an orc wizard

Illustrated notes

Levels and vault maps discovered:
D:1:      dpeg_arrival_radiant, layout_basic, serial_shops, shop,
          minmay_shallow_snake_nest
D:2:      layout_loops_ring, serial_shops, shop_scrolls, uniq_natasha

Skill      XL: |  1  2  3  4 |
---------------+-------------+-----
Fighting       | 4 |  4.2
Shields        | 4 |  4.2
Maces & Flails | 3 |  3.0
Armour         | |  3.2

Action                   |  1- 3 |  4- 6 || total
-------------------------+-------+-------++-------
Melee: Flail             |    82 |    64 ||   146
  Use: Potion            |       |     1 ||     1
Armor: Scale mail        |    63 |    38 ||   101
Dodge: Dodged            |    45 |    28 ||    73
Block: Kite shield       |    53 |    48 ||   101

Table legend: (Time is in decaauts)
 A = Elapsed time spent in this place.
 B = Non-inter-level travel time spent in this place.
 C = Inter-level travel time spent in this place.
 D = Time resting spent in this place.
 E = Time spent auto-exploring this place.
 F = Levels seen in this place.
 G = Mean time per level.
                   A        B        C        D        E       F      G
               +--------+--------+--------+--------+--------+-----+--------+
         Total |   2512 |   2482 |     30 |    661 |   1420 |   2 | 1256.0 |
       Dungeon |   2512 |   2482 |     30 |    661 |   1420 |   2 | 1256.0 |
               +--------+--------+--------+--------+--------+-----+--------+

Top non-repeatable levels by time:
     D:1: 1812 daAuts
     D:2: 700 daAuts
